 Dungeon Sprint DCSS version 0.27-a0-1347-gd8886f0a89 (webtiles) character file.

Game seed: 11018475630015942478

103038 mhtbhm the Archmage (level 15, -13/76 HPs)
             Began as a Deep Elf Earth Elementalist on June 27, 2021.
             Was the Champion of Vehumet.
             Shot with a bolt by a yaktaur captain (34 damage)
             ... in the Dungeon (Sprint III: "The Ten Rune Challenge").
             The game lasted 00:20:54 (8249 turns).

mhtbhm the Archmage (Deep Elf Earth Elementalist)   Turns: 8249, Time: 00:20:55

Health: -13/76     AC:  4    Str:  7    XL:     15   Next: 51%
Magic:  36/48      EV: 17    Int: 27    God:    Vehumet [******]
Gold:   3596       SH:  5    Dex: 15    Spells: 10/68 levels left

rFire    . . .     SeeInvis +   p - staff of earth
rCold    . . .     Faith    .   (no shield)
rNeg     . . .     Spirit   .   b - +2 robe {rPois}
rPois    +         Reflect  +   (no helmet)
rElec    .         Harm     .   (no cloak)
rCorr    +         Rampage  .   (no gloves)
Will     +....     NoTele   +   (no boots)
Stlth    +++.......             u - amulet "Uthruban" {Reflect SH+5 SInv}
HPRegen  0.22/turn              x - ring "Sick" {rCorr SInv}
MPRegen  0.31/turn              h - ring "Makemaxawaq" {Fly Str+2}

@: flying, studying Fighting
A: no striking features
}: 1/10 runes: silver
a: Renounce Religion


You were in the Dungeon.
You worshipped Vehumet.
Vehumet was exalted by your worship.
You visited 1 branch You collected 4961 gold pieces.
You spent 1365 gold pieces at shops.

Inventory:

Missiles
 i - 63 stones
 o - 7 curare-tipped darts (quivered)
Armour
 b - a +2 robe of poison resistance (worn)
Magical Staves
 p - a staff of earth (weapon)
Jewellery
 h - the ring "Makemaxawaq" (right hand) {Fly Str+2}
   (You bought it in a shop in the Dungeon)

   [ring of flight]

   Str:       It affects your strength (+2).
   Fly:       It grants you flight.
 s - a ring of protection from cold
 u - the amulet "Uthruban" (around neck) {Reflect SH+5 SInv}
   (You took it off a deep elf demonologist in the Dungeon)

   [amulet of reflection]

   It reflects blocked missile attacks.SInv: It lets you see invisible.
   SH:        It affects your SH (+5).
 x - the ring "Sick" (left hand) {rCorr SInv}
   (You took it off a deep elf demonologist in the Dungeon)

   [ring of see invisible]

   SInv:      It lets you see invisible.
   rCorr:     It protects you from acid and corrosion.
 z - an amulet of magic regeneration
 A - the amulet of Muvebig {Spirit Rampage Int+4 Dex-2 Slay+4}
   (You found it in the Dungeon)

   [amulet of guardian spirit]

   It causes incoming damage to be divided between your reserves of health and
   magic.Int: It affects your intelligence (+4).
   Dex:       It affects your dexterity (-2).
   Slay:      It affects your accuracy & damage with ranged weapons and melee
   (+4).
   Rampage:   It bestows one free step when moving towards enemies.
 E - a +4 ring of evasion
 F - a +4 ring of protection
 G - a ring of ice
 H - a +6 ring of dexterity
 I - a ring of protection from fire
Wands
 y - a wand of polymorph (14)
 B - a wand of iceblast (6)
 J - a wand of digging (7)
Scrolls
 k - a scroll of torment {unknown}
 l - 3 scrolls of identify
 n - 2 scrolls of holy word
 t - a scroll of silence {unknown}
 v - 4 scrolls of amnesia {unknown}
 w - a scroll of vulnerability {unknown}
 K - a scroll of acquirement
Potions
 a - 4 potions of degeneration {unknown}
 c - 3 potions of curing
 d - a potion of heal wounds
 e - a potion of haste
 f - 2 potions of magic
 g - 2 potions of berserk rage
 j - 2 potions of mutation {unknown}
 m - a potion of attraction {unknown}
 q - a potion of might
 M - 3 potions of flight
Miscellaneous
 r - a condenser vane
 C - a phantom mirror
 D - a phial of floods
 L - a lightning rod (4/4)


   Skills:
 - Level 2.2 Fighting
 + Level 10.9 Dodging
 - Level 6.3 Stealth
 + Level 3.9 Shields
 O Level 27 Spellcasting
 + Level 16.0 Conjurations
 + Level 13.1 Transmutations
 * Level 20.1 Fire Magic
 O Level 27 Earth Magic
 + Level 2.9 Evocations


You had 10 spell levels left.
You knew the following spells:

 Your Spells              Type           Power      Damage    Failure   Level
a - Sandblast             Erth           100%       2d20      0%          1
b - Passwall              Tmut/Erth      100%       N/A       0%          2
c - Stone Arrow           Conj/Erth      100%       3d13      0%          3
d - Lee's Rapid Deconstr  Erth           67%        3d31*     0%          5
e - Petrify               Tmut/Erth      100%       N/A       0%          4
f - Shatter               Erth           67%        3d49*     1%          9
g - Ignition              Fire           49%        3d14      1%          8
h - Inner Flame           Hex/Fire       74%        N/A       1%          3
i - Iron Shot             Conj/Erth      62%        9d12      0%          6
j - Lehudib's Crystal Sp  Conj/Erth      62%        10d14     1%          8
k - Fire Storm            Conj/Fire      47%        8d12      12%         9

Your spell library contained the following spells:

 Spells                   Type           Power      Damage    Failure   Level
 Chain Lightning          Conj/Air       34%        3d45      99%         9
 Magic Dart               Conj           100%       1d8       0%          1
 Searing Ray              Conj           100%       3d7       0%          2
 Bolt of Magma            Conj/Fire/Erth 61%        4d24      0%          5
 Animate Skeleton         Necr           72%        N/A       1%          1
 Apportation              Tloc           72%        N/A       1%          1
 Pain                     Necr           100%       1d9       1%          1
 Poisonous Vapours        Pois/Air       72%        N/A       1%          2
 Static Discharge         Conj/Air       68%        N/A       1%          2
 Dazzling Flash           Conj/Hex       100%       N/A       1%          3
 Animate Armour           Summ/Erth      100%       N/A       1%          4
 Fulminant Prism          Conj/Hex       34%        3d16      1%          4
 Iskenderun's Mystic Bla  Conj/Tloc      68%        2d14      1%          4
 Leda's Liquefaction      Hex/Erth       52%        N/A       1%          4
 Alistair's Intoxication  Tmut/Pois      42%        N/A       1%          5
 Lightning Bolt           Conj/Air       34%        1d51      1%          5
 Yara's Violent Unravell  Hex/Tmut       32%        3d13      1%          5
 Lesser Beckoning         Tloc           18%        N/A       2%          3
 Tukima's Dance           Hex            36%        N/A       2%          3
 Vampiric Draining        Necr           18%        2d8       2%          3
 Animate Dead             Necr           18%        N/A       8%          4
 Agony                    Necr           36%        N/A       21%         5
 Summon Forest            Summ/Tloc      18%        N/A       21%         5
 Summon Mana Viper        Hex/Summ       36%        N/A       21%         5
 Storm Form               Tmut/Air       32%        N/A       41%         7
 Invisibility             Hex            18%        N/A       75%         6
 Polar Vortex             Ice            18%        N/A       100%        9


Dungeon Overview and Level Annotations

Branches:
Dungeon (1/1)

Altars:
Cheibriados
Dithmenos
Elyvilon
Fedhas
Gozag
Hepliaklqana
Kikubaaqudgha
Makhleb
Nemelex Xobeh
Okawaru
Qazlal
Ru
Sif Muna
Trog
Uskayaw
Vehumet
Wu Jian
Xom
Yredelemnul
Zin
The Shining One
Beogh
Jiyva
Lugonu

Shops:
D :?=!((*!![:[


Message History

A stone wall.
You feel a surge of power!
The wall shatters!
The blast of rock fragments hits the yaktaur!!!
The yaktaur is almost dead.
The yaktaur captain wields a +0 arbalest.
The yaktaur captain shoots a bolt.
The bolt hits you!
The yaktaur shoots a bolt.
You reflect the bolt off an invisible shield around you!
The bolt hits the yaktaur!!
You kill the yaktaur!
Vehumet accepts your kill.
You feel your power returning.
Unknown command.
Casting: Lee's Rapid Deconstruction (safe; 0% risk of failure)
Confirm with . or Enter, or press ? or * to list all spells.
Okay, then.
Casting: Lee's Rapid Deconstruction (safe; 0% risk of failure)
Confirm with . or Enter, or press ? or * to list all spells.
Aiming: Lee's Rapid Deconstruction (safe; 0% risk of failure)
Press: ? - help, Dir - move target A stone wall.
You feel a surge of power!
The wall shatters!
The blast of rock fragments hits the yaktaur captain!!!
The yaktaur captain is heavily wounded.
The yaktaur captain shoots a bolt.
The bolt hits you!!
* * * LOW HITPOINT WARNING * * *
Unknown command.
Casting: Lee's Rapid Deconstruction (safe; 0% risk of failure)
Confirm with . or Enter, or press ? or * to list all spells.
You don't know that spell.
Casting: Lee's Rapid Deconstruction (safe; 0% risk of failure)
Confirm with . or Enter, or press ? or * to list all spells.
Aiming: Lee's Rapid Deconstruction (safe; 0% risk of failure)
Press: ? - help, Dir - move target A stone wall.
You feel a surge of power!
The wall shatters!
The blast of rock fragments hits the yaktaur captain!!
The yaktaur captain is almost dead.
The yaktaur captain shoots a bolt.
The bolt hits you!!
You die...

≈≈≈#.#)#)..##.#.#.##†..≈≈# #####
§§§#.#.#...#.#.#.#.#...≈≈≈≈##§.§[
.§.#...#...##.#.#.##...≈≈≈≈##.###
▓▓▓▓▓▓▓▓▓▓▓#.#.#.#.#.......##§...
.....≈≈≈...##.#.#.##.......######
≈≈≈≈≈≈≈♣♣P.'.#.#.#.#.......##....
♣♣♣♣♣♣♣♣♣PP##.#.#.###############
♣♣♣##)######## #...# ♣♣♣♣♣♣♣♣♣
#..)'@≈≈≈§# #..#. ≈≈≈≈≈≈..#
#...#.≈≈≈≈# #..[. ≈≈≈≈≈...#
#...#.#≈§≈# #..#. '≈≈≈≈°####
#####.#)≈≈≈# #...# #≈≈..○°..°
#)..P.# #≈≈≈≈ ##### #≈..+#####
#.)..P# )≈§§ #)..# #...# #..[..#
#≈≈ #...# ....# #...).# c§ ##'##
###### #'##### ###....


You could see a yaktaur captain.

Vanquished Creatures
  Frederick (D)
  2 golden dragons (D)
  A titan (D)
  2 quicksilver dragons (D)
  A deep elf master archer (D)
  2 liches (D)
  2 sphinxes (D)
  A kraken (D)
  Chuck (D)
  Harold (D)
  2 shadow dragons (D)
  A fire giant (D)
  2 stone giants (D)
  3 deep elf demonologists (D)
  A deep elf annihilator (D)
  3 mummy priests (D)
  A fire dragon (D)
  A yaktaur captain (D)
  2 deep elf high priests (D)
  2 hydras (D)
  16 vault guards (D)
  3 centaur warriors (D)
  An ogre mage (D)
  Erica (D)
  4 dancing weapons (D)
  Urug (D)
  4 hell knights (D)
  3 skeletal warriors (D)
  2 deep elf knights (D)
  An iron golem (D)
  A death drake (D)
  A lindwurm (D)
  2 obsidian statues (D)
  4 deep elf pyromancers (D)
  Joseph (D)
  2 orc sorcerers (D)
  4 crystal guardians (D)
  3 ugly things (D)
  A water nymph (shapeshifter) (D)
  4 statues (D)
  2 cane toads (D)
  A rime drake (D)
  A komodo dragon (D)
  2 yaktaurs (D)
  An unseen horror (D)
  3 wandering mushrooms (D)
  9 guardian mummies (D)
  4 spriggan defenders (D)
  2 tyrant leeches (D)
  A queen bee (D)
  An orc high priest (D)
  9 slime creatures (D)
  A wind drake (shapeshifter) (D)
  2 snapping turtles (D)
  3 redbacks (D)
  A shadow (D)
  A spatial vortex (D)
  A floating eye (shapeshifter) (D)
  An orc warrior (D)
  A swamp drake (D)
  A necrophage (D)
  2 centaurs (D)
  An earth elemental (D)
  A water elemental (D)
  A scorpion (D)
  32 killer bees (D)
  An electric eel (D)
  6 orc priests (D)
  A jelly (D)
  A wizard (D)
  Jessica (D)
  2 orc wizards (D)
  2 necromancers (D)
  3 humans (D)
  A kobold demonologist (D)
  9 orcs (D)
  2 endoplasms (D)
  A kobold (D)
  A rat (D)
  8 butterflies (D)
  A tentacle (D)
216 creatures vanquished.

Vanquished Creatures (others)
  A bush (D)
  4 fungi (D)
  11 plants (D)
  5 tentacles (D)
21 creatures vanquished.

Grand Total: 237 creatures vanquished

Notes
Turn   | Place    | Note
-------+----------+-------------------------------------------
     0 | D        | mhtbhm the Deep Elf Earth Elementalist began the quest for
                  | the Orb.
     0 | D        | Reached XP level 1. HP: 10/10 MP: 6/6
    43 | D        | Noticed Jessica
    46 | D        | Killed Jessica
    47 | D        | Reached skill level 5 in Spellcasting
    47 | D        | Reached skill level 5 in Earth Magic
    47 | D        | Reached XP level 2. HP: 2/15 MP: 3/10
    47 | D        | Reached XP level 3. HP: 2/19 MP: 3/11
   329 | D        | Learned a level 2 spell: Passwall
   333 | D        | Learned a level 3 spell: Stone Arrow
   438 | D        | Noticed a scorpion
   444 | D        | Killed a scorpion
   445 | D        | Reached XP level 4. HP: 24/24 MP: 7/15
   553 | D        | Noticed a water elemental
   556 | D        | Killed a water elemental
   557 | D        | Reached XP level 5. HP: 28/28 MP: 11/18
   604 | D        | Learned a level 5 spell: Lee's Rapid Deconstruction
   609 | D        | Learned a level 4 spell: Petrify
   655 | D        | Found a radiant altar of Vehumet.
   726 | D        | Found a shimmering blue altar of Sif Muna.
   727 | D        | Found an ancient bone altar of Kikubaaqudgha.
   736 | D        | Became a worshipper of Vehumet
   761 | D        | Found a basalt altar of Yredelemnul.
   761 | D        | Found a shadowy altar of Dithmenos.
   761 | D        | Found a sacrificial altar of Ru.
   761 | D        | Noticed a necrophage
   762 | D        | Killed a necrophage
   763 | D        | Reached skill level 5 in Stealth
   763 | D        | Reached skill level 10 in Spellcasting
   763 | D        | Reached skill level 1 in Conjurations
   763 | D        | Reached skill level 10 in Earth Magic
   763 | D        | Reached XP level 6. HP: 32/32 MP: 14/21
   808 | D        | Found a glowing silver altar of Zin.
   808 | D        | Found a glowing golden altar of the Shining One.
   808 | D        | Found a white marble altar of Elyvilon.
   808 | D        | Noticed a deep elf pyromancer
   810 | D        | Killed a deep elf pyromancer
   810 | D        | Reached * piety under Vehumet
   810 | D        | Offered knowledge of Foxfire by Vehumet.
   811 | D        | Reached skill level 5 in Dodging
   811 | D        | Reached XP level 7. HP: 36/36 MP: 11/26
   886 | D        | Found a hide-covered altar of Uskayaw.
   886 | D        | Found an iron altar of Okawaru.
   886 | D        | Found a bloodstained altar of Trog.
   886 | D        | Found an ornate altar of the Wu Jian Council.
   886 | D        | Noticed a human
   886 | D        | Noticed a human
   887 | D        | Killed a human
   889 | D        | Killed a human
   890 | D        | Reached XP level 8. HP: 41/41 MP: 13/28
   966 | D        | Reached ** piety under Vehumet
   966 | D        | Offered knowledge of Magic Dart by Vehumet.
   971 | D        | Reached skill level 15 in Spellcasting
  1034 | D        | Found a blossoming altar of Fedhas.
  1034 | D        | Found a stormy altar of Qazlal.
  1034 | D        | Found a snail-covered altar of Cheibriados.
  1034 | D        | Found a burning altar of Makhleb.
  1034 | D        | Found a shimmering altar of Xom.
  1035 | D        | Found a hazy altar of Hepliaklqana.
  1035 | D        | Found an opulent altar of Gozag.
  1035 | D        | Found a sparkling altar of Nemelex Xobeh.
  1035 | D        | Found a corrupted altar of Lugonu.
  1035 | D        | Found a viscous altar of Jiyva.
  1097 | D        | Noticed Erica
  1106 | D        | Killed Erica
  1107 | D        | Reached XP level 9. HP: 28/45 MP: 6/31
  1239 | D        | Offered knowledge of Conjure Flame by Vehumet.
  1239 | D        | Reached *** piety under Vehumet
  1333 | D        | Noticed an orc sorcerer
  1334 | D        | Noticed an orc sorcerer
  1337 | D        | Reached **** piety under Vehumet
  1338 | D        | Killed an orc sorcerer
  1338 | D        | Reached ***** piety under Vehumet
  1339 | D        | Reached skill level 15 in Earth Magic
  1341 | D        | Killed an orc sorcerer
  1493 | D        | Found Nemympaf's Book Shop.
  1581 | D        | Bought a book of the Tempests for 840 gold pieces
  1596 | D        | Learned a level 9 spell: Shatter
  1605 | D        | Learned a level 8 spell: Ignition
  1608 | D        | Noticed a deep elf pyromancer
  1608 | D        | Noticed a deep elf knight
  1608 | D        | Noticed a deep elf pyromancer
  1608 | D        | Noticed a deep elf knight
  1608 | D        | Noticed a deep elf pyromancer
  1622 | D        | Killed a deep elf knight
  1622 | D        | Offered knowledge of Airstrike by Vehumet.
  1622 | D        | Killed a deep elf pyromancer
  1622 | D        | Reached ****** piety under Vehumet
  1622 | D        | Killed a deep elf pyromancer
  1623 | D        | Reached skill level 1 in Evocations
  1623 | D        | Reached XP level 10. HP: 50/50 MP: 21/35
  1624 | D        | Killed a deep elf pyromancer
  1625 | D        | Killed a deep elf knight
  1629 | D        | Noticed a deep elf high priest
  1727 | D        | Identified the amulet "Uthruban" {Reflect SH+5 SInv}
  1727 | D        | Noticed a deep elf demonologist
  1729 | D        | Killed a deep elf demonologist
  1729 | D        | Offered knowledge of Inner Flame by Vehumet.
  1729 | D        | Noticed a deep elf demonologist
  1731 | D        | Noticed a deep elf master archer
  1732 | D        | Killed a deep elf demonologist
  1942 | D        | Learned a level 3 spell: Inner Flame
  1948 | D        | Identified the ring "Sick" {rCorr SInv}
  1948 | D        | Noticed a deep elf demonologist
  1951 | D        | Killed a deep elf demonologist
  1951 | D        | Offered knowledge of Iron Shot by Vehumet.
  1952 | D        | Reached XP level 11. HP: 54/54 MP: 24/39
  1958 | D        | Killed a deep elf master archer
  1958 | D        | Noticed a deep elf annihilator
  2151 | D        | Noticed a deep elf high priest
  2153 | D        | Killed a deep elf annihilator
  2155 | D        | Killed a deep elf high priest
  2367 | D        | Killed a deep elf high priest
  2423 | D        | Identified the amulet of Muvebig {Spirit Rampage Int+4
                  | Dex-2 Slay+4}
  2427 | D        | Identified the Grimoire of Gliding Bewitchment
  2429 | D        | Identified the Incunabulum of the Traveller and the
                  | Mountains
  2429 | D        | Identified Sif Muna's Grimoire of Ashen Beguiling
  2433 | D        | Identified the +6 longbow "Pufoth" {vorpal, rC+}
  2505 | D        | Learned a level 6 spell: Iron Shot
  2546 | D        | Noticed a centaur warrior
  2551 | D        | Killed a centaur warrior
  2551 | D        | Offered knowledge of Conjure Ball Lightning by Vehumet.
  2815 | D        | Reached XP level 12. HP: 59/59 MP: 35/42
  2962 | D        | Noticed Urug
  2963 | D        | Offered knowledge of Iskenderun's Battlesphere by Vehumet.
  2965 | D        | Killed Urug
  3078 | D        | Noticed a seven-headed hydra
  3078 | D        | Noticed a five-headed hydra
  3083 | D        | Killed a five-headed hydra
  3084 | D        | Killed a seven-headed hydra
  3168 | D        | Noticed a kraken
  3173 | D        | Killed a kraken
  3173 | D        | Noticed an alligator snapping turtle
  3251 | D        | Noticed an alligator snapping turtle
  3358 | D        | Noticed an alligator snapping turtle
  3599 | D        | Offered knowledge of Irradiate by Vehumet.
  3702 | D        | Noticed Harold
  3702 | D        | Noticed Joseph
  3712 | D        | Killed Harold
  3716 | D        | Killed Joseph
  3857 | D        | Offered knowledge of Orb of Destruction by Vehumet.
  4014 | D        | Reached XP level 13. HP: 53/63 MP: 37/45
  4069 | D        | Offered knowledge of Ozocubu's Refrigeration by Vehumet.
  4070 | D        | Reached skill level 27 in Spellcasting
  4205 | D        | Found Dusiry's Weapon Emporium.
  4205 | D        | Found Counauri's Distillery.
  4205 | D        | Found Kasoh's Antique Weapon Boutique.
  4205 | D        | Found Feojeeg's Antique Armour Shoppe.
  4205 | D        | Found Wohed's General Store.
  4205 | D        | Found Yphelent's Distillery.
  4205 | D        | Found Koptau's Book Shop.
  4205 | D        | Found Tarph's Jewellery Shop.
  4205 | D        | Found Moann's Antique Armour Emporium.
  4205 | D        | Found Pommuh's Magic Scroll Emporium.
  4205 | D        | Found Lumawk's Distillery.
  4246 | D        | Bought the ring "Makemaxawaq" {Fly Str+2} for 315 gold
                  | pieces
  4251 | D        | Bought a scroll of holy word for 105 gold pieces
  4251 | D        | Bought a scroll of blinking for 105 gold pieces
  4283 | D        | Offered knowledge of Starburst by Vehumet.
  4584 | D        | Noticed a fire dragon
  4593 | D        | Killed a fire dragon
  5068 | D        | Reached skill level 1 in Fighting
  5548 | D        | Offered knowledge of Lehudib's Crystal Spear by Vehumet.
  5548 | D        | Offered knowledge of Fire Storm by Vehumet.
  5548 | D        | Offered knowledge of Chain Lightning by Vehumet.
  5796 | D        | Noticed a lich
  5798 | D        | Killed a lich
  5808 | D        | Learned a level 8 spell: Lehudib's Crystal Spear
  5818 | D        | Learned a level 9 spell: Fire Storm
  5846 | D        | Reached skill level 1 in Fire Magic
  5846 | D        | Reached skill level 27 in Earth Magic
  5850 | D        | Noticed a sphinx
  5852 | D        | Killed a sphinx
  5853 | D        | Reached skill level 1 in Shields
  5853 | D        | Reached skill level 5 in Transmutations
  5853 | D        | Reached skill level 5 in Fire Magic
  5908 | D        | Noticed a sphinx
  5915 | D        | Killed a sphinx
  6092 | D        | Noticed a mummy priest
  6096 | D        | Killed a mummy priest
  6097 | D        | Reached XP level 14. HP: 66/72 MP: 33/47
  6164 | D        | Reached skill level 10 in Fire Magic
  6401 | D        | Reached skill level 5 in Conjurations
  6682 | D        | Noticed Chuck
  7455 | D        | Killed Chuck
  7467 | D        | Identified the +3 ring mail of Omelowoi {SInv}
  7592 | D        | Noticed Frederick
  7597 | D        | Killed Frederick
  7657 | D        | Noticed a lich
  7659 | D        | Killed a lich
  7717 | D        | Noticed a shadow dragon
  7723 | D        | Killed a shadow dragon
  7730 | D        | Noticed a shadow dragon
  7733 | D        | Killed a shadow dragon
  7734 | D        | Reached skill level 15 in Fire Magic
  7942 | D        | Noticed a quicksilver dragon
  7942 | D        | Noticed a quicksilver dragon
  7942 | D        | Noticed a stone giant
  7942 | D        | Noticed a golden dragon
  7942 | D        | Noticed a golden dragon
  7942 | D        | Noticed a fire giant
  7942 | D        | Noticed a stone giant
  7944 | D        | Killed a stone giant
  7945 | D        | Reached skill level 10 in Transmutations
  7945 | D        | Killed a stone giant
  7945 | D        | Noticed a titan
  7946 | D        | Reached XP level 15. HP: 39/76 MP: 48/48
  7946 | D        | Killed a titan
  7947 | D        | Killed a fire giant
  7947 | D        | Killed a quicksilver dragon
  7948 | D        | Reached skill level 10 in Dodging
  7948 | D        | Killed a golden dragon
  7949 | D        | Reached skill level 15 in Conjurations
  7950 | D        | Killed a golden dragon
  7951 | D        | Killed a quicksilver dragon
  8009 | D        | Got a silver rune of Zot
  8010 | D        | Identified the +5 war axe "Duna" {venom, Int+4}
  8249 | D        | Shot with a bolt by a yaktaur captain

Illustrated notes

Levels and vault maps discovered:
D:        dungeon_sprint_mu [sprint_mu_entry_forest, sprint_mu_temple_rooms,
          sprint_mu_d1_horrors, sprint_mu_d2_genie, sprint_mu_d3_branching,
          sprint_mu_orc_legion, sprint_mu_elf_gauntlet, sprint_mu_hive_nellie,
          sprint_mu_lair_fedhas, sprint_mu_vaults_butterflies,
          sprint_mu_slime_circle, sprint_mu_shoals_kraken,
          sprint_mu_snake_twists, sprint_mu_blade_basic,
          sprint_mu_crypt_fortress, sprint_mu_tomb_spiral,
          sprint_mu_vestibule_basic, sprint_mu_gehenna_hellfire,
          sprint_mu_dis_giant, sprint_mu_tartarus_statrot,
          sprint_mu_cocytus_islands, sprint_mu_zot1]

Skill      XL: |  1  2  3  4  5  6  7  8  9 10 11 12 13 14 15 |
---------------+----------------------------------------------+-----
Stealth        | 4 5 6 |  6.3
Dodging        | 3 4 5 6 9 10 | 10.9
Spellcasting   | 5 7 8 10 13 14 16 19 22 24 26 27 | 27.0
Earth Magic    | 5 7 8 10 12 14 17 18 21 23 27 | 27.0
Conjurations   | 1 2 3 4 13 16 | 16.0
Transmutations | 2 3 5 11 13 | 13.1
Evocations     | 1 2 |  2.9
Fighting       | 2 |  2.2
Fire Magic     | 9 17 20 | 20.1
Shields        | 1 2 3 |  3.9

Action                   |  1- 3 |  4- 6 |  7- 9 | 10-12 | 13-15 || total
-------------------------+-------+-------+-------+-------+-------++-------
Melee: Staff             |       |       |       |       |     9 ||     9
 Cast: Sandblast         |    13 |     2 |     2 |       |       ||    17
       Stone Arrow       |     2 |     1 |     1 |     8 |       ||    12
       Lee's Rapid Decon |       |     5 |    27 |    75 |    90 ||   197
       Petrify           |       |       |     2 |     7 |    10 ||    19
       Iron Shot         |       |       |       |     5 |     6 ||    11
       Passwall          |       |       |       |     2 |       ||     2
       Lehudib's Crystal |       |       |       |       |    11 ||    11
       Shatter           |       |       |       |       |     6 ||     6
Evoke: Condenser vane    |       |       |     1 |     1 |     1 ||     3
  Use: Potion            |       |       |       |     2 |       ||     2
       Scroll            |       |       |       |     1 |     1 ||     2
Armor: Robe              |       |       |       |     1 |     1 ||     2
Dodge: Dodged            |     1 |       |     1 |    11 |    10 ||    23
Block: Other             |       |       |       |     6 |     4 ||    10
       Reflection        |       |       |       |     1 |     3 ||     4

Table legend: (Time is in decaauts)
 A = Elapsed time spent in this place.
 B = Non-inter-level travel time spent in this place.
 C = Inter-level travel time spent in this place.
 D = Time resting spent in this place.
 E = Time spent auto-exploring this place.
 F = Levels seen in this place.
 G = Mean time per level.
                   A        B        C        D        E       F      G
               +--------+--------+--------+--------+--------+-----+--------+
         Total |   8279 |   8170 |    109 |   6298 |      1 |   1 | 8279.0 |
       Dungeon |   8279 |   8170 |    109 |   6298 |      1 |   1 | 8279.0 |
               +--------+--------+--------+--------+--------+-----+--------+

Top non-repeatable levels by time:
       D: 8279 daAuts
